 Dungeon Crawl Stone Soup version 0.29.1-4-g47bece8355 (webtiles) character file.

Game seed: 9467034148825701977

379 Lutefisk the Ducker (level 6, 0/43 HPs)
             Began as an Octopode Transmuter on Dec 3, 2022.
             Slain by an orc wizard
             ... wielding a +0 dagger
              (3 damage)
             ... on level 4 of the Dungeon.
             The game lasted 00:13:20 (2038 turns).

Lutefisk the Ducker (Octopode Transmuter)           Turns: 2038, Time: 00:13:22

Health: 0/43       AC:  1    Str:  9    XL:     6   Next: 74%
Magic:  12/18      EV: 15    Int: 15    God:
Gold:   209        SH:  0    Dex: 15    Spells: 3/9 levels left

rFire   . . .      SeeInvis .     - Unarmed
rCold   . . .      Faith    .   (no shield)
rNeg    . . .      Spirit   .   (helmet restricted)
rPois   .          Reflect  .   (no amulet)
rElec   .          Harm     .   m - ring of flight
rCorr   .          Rampage  .   s - ring of magical power
Will    .....                   (no ring)
Stlth   +++.......              (no ring)
HPRegen 0.14/turn               (no ring)
MPRegen 0.16/turn               (no ring)
                                (no ring)
                                (no ring)

@: flying
A: almost no armour, amphibious, 8 rings, camouflage 1, gelatinous body 1,
(nimble swimmer 1), tentacles
a: no special abilities


You were on level 4 of the Dungeon.
You visited 1 branch of the dungeon, and saw 4 of its levels.

You collected 209 gold pieces.

Inventory:

Missiles
 g - 9 poisoned darts (quivered)
 o - 3 silver boomerangs
Armour
 d - a +2 tower shield
Jewellery
 m - a ring of flight (left tentacle)
 r - a ring of fire
 s - a ring of magical power (right tentacle)
Scrolls
 a - a scroll of vulnerability {unknown}
 b - 2 scrolls of amnesia {unknown}
 c - 4 scrolls of teleportation {unknown}
 e - 3 scrolls of identify {unknown}
 f - a scroll of poison {unknown}
 n - a scroll of blinking {unknown}
 p - a scroll of enchant armour {unknown}
Potions
 i - a potion of resistance {unknown}
 j - a potion of curing {unknown}
 k - a potion of brilliance
 l - 2 potions of degeneration {unknown}
 q - a potion of might {unknown}
 t - a potion of heal wounds {unknown}


   Skills:
 - Level 4.0 Fighting
 - Level 1.0 Throwing
 * Level 4.5 Dodging
 - Level 1.0 Stealth
 - Level 3.0 Unarmed Combat
 - Level 2.0 Spellcasting
 - Level 3.0 Transmutations
 - Level 2.0 Poison Magic


You had 3 spell levels left.
You knew the following spells:

 Your Spells              Type           Power      Damage    Failure   Level
a - Beastly Appendage     Tmut           20%        N/A       6%          1
b - Wereblood             Tmut           10%        N/A       10%         2
c - Spider Form           Tmut/Pois      9%         N/A       24%         3

Your spell library contained the following spells:

 Spells                   Type           Power      Damage    Failure   Level
 Magic Dart               Conj           4%         1d3       22%         1
 Call Imp                 Summ           1%         N/A       32%         2
 Mephitic Cloud           Conj/Pois/Air  3%         N/A       45%         3
 Ice Form                 Ice/Tmut       6%         N/A       75%         4


Dungeon Overview and Level Annotations

Branches:
Dungeon (4/15)
 Temple: D:4-7

Altars:
Ru
Uskayaw


Innate Abilities, Weirdness & Mutations

You cannot wear most types of armour.
You are amphibious.
You can wear up to eight rings at the same time.
Your skin changes colour to match your surroundings (Stealth+).
Your rubbery body absorbs attacks. (AC +1, EV +1)
((You are camouflaged when in or above water. (Stealth+)))
You have tentacles for arms and can constrict up to eight enemies at once.


Message History

The orc priest closely misses you.
You tentacle-slap the orc priest but do no damage.
The orc priest is severely wounded.
You constrict the orc priest, but do no damage.
The orc priest invokes the aid of Beogh against you.
Pain shoots through your body!
You tentacle-slap the orc priest but do no damage.
You squeeze the orc priest.
The orc priest is almost dead.
You constrict the orc priest, but do no damage.
The orc priest misses you.
You tentacle-slap the orc priest.
You kill the orc priest!
Casting: Spider Form (quite dangerous; 24% risk of failure)
Confirm with . or Enter, or press ? or * to list all spells.
The spell is quite dangerous to miscast (24% risk of failure)!
Continue anyway?
You miscast Spider Form.
You are very lightly contaminated with residual magic.
Nothing appears to happen.
Something hits you.
* * * LOW HITPOINT WARNING * * *
Casting: Spider Form (quite dangerous; 24% risk of failure)
Confirm with . or Enter, or press ? or * to list all spells.
The spell is quite dangerous to miscast (24% risk of failure)!
Continue anyway?
You turn into a venomous arachnid creature.
Something hits you but does no damage.
You hit something but do no damage.
You hear some strange, mumbled words.
A magic dart appears from out of thin air!
The magic dart hits you!
* * * LOW HITPOINT WARNING * * *
It was a potion of brilliance.
You feel clever all of a sudden. Something completely misses you.
It was a potion of cancellation.
Your magical effects are unravelling.
You feel magically purged.
Your magical contamination has completely faded away.
Your transformation has ended.
You feel a little less clever now. Something hits you.
You die...

#.# #.###########.#
#....... #.#
#.#...........# ####...#
#.# #.#.########..#######
##.## ..###.#.#
#......... .[#
....#.#.########..#######
### ............>.....#
..[.........####.##
#####.#.##.## #.#
#.#.##.# #@# #####.#.##.#
#{# ....†.#.##.# #.#
#######..... ... ######
###


There were no monsters in sight!

Vanquished Creatures
  A scorpion (D:4)
  A jelly (D:4)
  An orc priest (D:4)
  Jessica (D:3)
  Natasha (D:4)
  An orc wizard (D:4)
  An iguana (D:4)
  8 adders
  A worm (D:2)
  3 dart slugs
  13 orcs
  7 endoplasms
  A giant cockroach (D:3)
  8 goblins
  9 hobgoblins
  4 jackals (D:3)
  2 quokkas
  3 ball pythons
  2 frilled lizards (D:1)
  3 kobolds
  4 rats (D:1)
75 creatures vanquished.

Notes
Turn   | Place    | Note
-------+----------+-------------------------------------------
     0 | D:1      | Lutefisk the Octopode Transmuter began the quest for the
                  | Orb.
     0 | D:1      | Reached XP level 1. HP: 13/13 MP: 3/3
   124 | D:1      | Reached XP level 2. HP: 16/19 MP: 3/5
   132 | D:1      | Learned a level 2 spell: Wereblood
   524 | D:2      | Found a faded altar of an unknown god.
   594 | D:2      | Identified the +0 hand axe "Riunn" {antimagic, Fragile
                  | rPois rF+++ rCorr}
   628 | D:2      | Reached XP level 3. HP: 11/26 MP: 4/6
   632 | D:2      | Learned a level 3 spell: Spider Form
   652 | D:2      | Reached skill level 1 in Stealth
   764 | D:2      | Reached skill level 1 in Poison Magic
  1003 | D:3      | Reached XP level 4. HP: 27/31 MP: 7/7
  1099 | D:3      | Reached skill level 1 in Throwing
  1117 | D:3      | Found a hide-covered altar of Uskayaw.
  1121 | D:3      | Noticed Jessica
  1129 | D:3      | Killed Jessica
  1130 | D:3      | Reached XP level 5. HP: 33/36 MP: 6/8
  1161 | D:3      | Found a sacrificial altar of Ru.
  1574 | D:4      | Reached XP level 6. HP: 34/42 MP: 9/9
  1770 | D:4      | Noticed Natasha
  1779 | D:4      | Killed Natasha
  2036 | D:4      | HP: 2/43 [something/magic dart (9)]
  2038 | D:4      | Slain by an orc wizard

Illustrated notes

Levels and vault maps discovered:
D:1:      dpeg_arrival_arbitrary_b, layout_basic, minmay_misc_feat_pillars,
          chequers_garden
D:2:      layout_loops_ring, nicolae_ecumenical_oubliette
D:3:      layout_rooms, mainiacjoe_overflow_paths, nicolae_ru_path_of_blood,
          guppyfry_early_orc_mine, uniq_jessica
D:4:      minmay_opposing_rooms, layout_loops_ring, uniq_natasha

Skill      XL: |  1  2  3  4  5  6 |
---------------+-------------------+-----
Fighting       | 2 3 4 |  4.0
Stealth        | 1 |  1.0
Poison Magic   | 2 |  2.0
Throwing       | 1 |  1.0
Dodging        | 4 |  4.5
Transmutations | 3 |  3.0
Unarmed Combat | |  3.0
Spellcasting   | |  2.0

Action                   |  1- 3 |  4- 6 || total
-------------------------+-------+-------++-------
Melee: Unarmed           |    64 |   119 ||   183
       Kick              |    11 |    14 ||    25
       Constrict         |    18 |    25 ||    43
       Tentacles         |    20 |    19 ||    39
       Punch             |       |     6 ||     6
Throw: Dart              |       |     4 ||     4
       Boomerang         |       |     2 ||     2
 Cast: Beastly Appendage |    12 |     8 ||    20
       Wereblood         |     1 |     3 ||     4
       Spider Form       |     1 |     4 ||     5
 Abil: End Transformatio |       |     1 ||     1
  Use: Potion            |       |     3 ||     3
 Stab: Sleeping          |     2 |     2 ||     4
Armor: Skin              |     2 |    13 ||    15
Dodge: Dodged            |    26 |    61 ||    87
